 Dungeon Crawl Stone Soup version 0.28-a0-1524-ge72afd5fc6 (webtiles) character file.

Game seed: 1563413053561372379

2 psuckher the Sneak (level 1, -2/19 HPs)
             Began as a Barachi Delver on Jan 17, 2022.
             Slain by an iguana (10 damage)
             ... on level 5 of the Dungeon.
             The game lasted 00:00:23 (136 turns).

psuckher the Sneak (Barachi Delver)                  Turns: 136, Time: 00:00:23

Health: -2/19      AC:  3    Str: 13    XL:     1   Next: 40%
Magic:  1/1        EV: 12    Int: 10    God:
Gold:   0          SH:  0    Dex: 13    Spells: 0/0 levels left

rFire   . . .      SeeInvis .   a - +0 falchion
rCold   . . .      Faith    .   (no shield)
rNeg    . . .      Spirit   .   b - +0 leather armour
rPois   .          Reflect  .   (no helmet)
rElec   .          Harm     .   (no cloak)
rCorr   .          Rampage  .   (no gloves)
Will    .....                   (no boots)
Stlth   ++........              (no amulet)
HPRegen 0.06/turn               (no ring)
MPRegen 0.07/turn               (no ring)

@: slow
A: amphibious, slowness 1, strong legs 1, +LOS
a: Hop


You were on level 5 of the Dungeon.
You visited 1 branch of the dungeon, and saw 1 of its levels.

Inventory:

Hand Weapons
 a - a +0 falchion (weapon)
Armour
 b - a +0 leather armour (worn)
Wands
 g - a wand of digging (3)
Scrolls
 c - a scroll of fog
 d - a scroll of magic mapping
 e - a scroll of fear
 h - a scroll of immolation {unknown}
 j - a scroll of identify {unknown}
Potions
 f - a potion of haste
 i - a potion of mutation {unknown}


   Skills:
 + Level 3.6 Fighting
 + Level 2.4 Long Blades
 + Level 2.2 Dodging
 + Level 4.6 Stealth


You couldn't memorise any spells.
You didn't know any spells.
Your spell library was empty.

Dungeon Overview and Level Annotations

Branches:
Dungeon (5/15)
 Temple: D:4-7

Altars:


Innate Abilities, Weirdness & Mutations

You are amphibious.
You cover ground slowly.
You can hop short distances.
You have an extended range of vision and can be seen from far away.


Message History

Welcome, psuckher the Barachi Delver.
Will you be the one to retrieve the breathtaking Orb of Zot from the depths?
Press ? for a list of commands and other information.
Found a scroll labelled ZERCHU KEPUTIEKH.
Found a stone staircase leading down.
h - a scroll labelled ZERCHU KEPUTIEKH
Found a bubbling ruby potion.
i - a bubbling ruby potion A dart slug comes into view.
Found a scroll labelled JAJ COYSILIFF.
Found 19 arrows.
The dart slug launches a dart at you. The slug dart hits you.
You barely miss the dart slug. The dart slug launches a dart at you.
The slug dart hits you.
You hit the dart slug.
The dart slug is heavily wounded.
The dart slug closely misses you.
You hit the dart slug.
You kill the dart slug!
j - a scroll labelled JAJ COYSILIFF
Found a dagger.
You see here a +0 dagger.
An iguana comes into view.
The iguana hisses angrily.
You closely miss the iguana. The iguana bites you!
Ouch! That really hurt!
The iguana closely misses you.
You closely miss the iguana. The iguana bites you!
Ouch! That really hurt!
You die...

########.#.##
#...........#
#...........#
#...........#
#...........#
#...........#
#...........#
....
#...........#
...
.......l@...#
...
....####.#.##
.. #.#.# ..
#.#.# .#
#.#.#
.#########
#.#.###
.........#
#.....#
.......#.#
#.#.#.#
######.#.#
#.#.#.#


You could see an iguana.

Vanquished Creatures
  A dart slug (D:5)
1 creature vanquished.

Notes
Turn   | Place    | Note
-------+----------+-------------------------------------------
     0 | D:5      | psuckher the Barachi Delver began the quest for the Orb.
     0 | D:5      | Reached XP level 1. HP: 18/18 MP: 1/1
   131 | D:5      | Noticed an iguana
   136 | D:5      | Slain by an iguana

Illustrated notes

Levels and vault maps discovered:
D:5:      minmay_spotlight, layout_basic, grunt_decor_mini_mirrors

Action                   || total
-------------------------++-------
Melee: Falchion          ||     5
Dodge: Dodged            ||     2

Table legend: (Time is in decaauts)
 A = Elapsed time spent in this place.
 B = Non-inter-level travel time spent in this place.
 C = Inter-level travel time spent in this place.
 D = Time resting spent in this place.
 E = Time spent auto-exploring this place.
 F = Levels seen in this place.
 G = Mean time per level.
                   A        B        C        D        E       F      G
               +--------+--------+--------+--------+--------+-----+--------+
         Total |    162 |    162 |      0 |      0 |      0 |   1 |  162.0 |
       Dungeon |    162 |    162 |      0 |      0 |      0 |   1 |  162.0 |
               +--------+--------+--------+--------+--------+-----+--------+

Top non-repeatable levels by time:
     D:5: 162 daAuts
